[Event "*** SCC Grand Prix: Titled Tuesday Blitz"]
[Site "Chess.com"]
[Date "2020.06.02"]
[Round "7"]
[White "GelmanAlexander"]
[Black "nonsopolo1"]
[Result "1-0"]
[WhiteElo "2539"]
[BlackElo "2239"]
[TimeControl "180+1"]
[EndTime "11:19:58 PDT"]
[Termination "GelmanAlexander won on time"]

1. c4 g6 2. Nf3 Bg7 3. e3 Nf6 4. Be2 O-O 5. O-O d6 6. Nc3 Nbd7 7. d3 a5 8. a3 c6 9. Rb1 e5 10. b4 axb4 11. axb4 h6 12. Bb2 Re8 13. Ra1 Rxa1 14. Qxa1 Qe7 15. Rd1 Nf8 16. h3 Ne6 17.
Qa7 Qc7 18. b5 Qd8 19. Na4 Nd7 20. d4 e4 21. Nd2 f5 22. Nb3 Ng5 23. Na5 c5 24. dxc5 Bxb2 25. Rxd6 Be5 26. Rd5 Qe7 27. c6 bxc6 28. Nxc6 Qa3 29. Rd1 Qf8 30. Rxd7 1-0

[Event "*** SCC Grand Prix: Titled Tuesday Blitz"]
[Site "Chess.com"]
[Date "2020.06.02"]
[Round "7"]
[White "MariaFominykh"]
[Black "isainz"]
[Result "0-1"]
[WhiteElo "2254"]
[BlackElo "2144"]
[TimeControl "180+1"]
[EndTime "11:19:58 PDT"]
[Termination "isainz won by checkmate"]

1. Nf3 d5 2. g3 Nf6 3. Bg2 e6 4. O-O c6 5. d3 Be7 6. Nbd2 O-O 7. b3 Nbd7 8. Bb2 b6 9. e4 Bb7 10. e5 Ne8 11. h4 c5 12. c4 d4 13. Qe2 Qc7 14. Rfe1 a5 15. a3 h6 16. b4 axb4 17.
axb4 Rxa1 18. Bxa1 Qb8 19. b5 g6 20. h5 g5 21. Bb2 Ng7 22. Nh2 Bxg2 23. Kxg2 Qb7+ 24. Kh3 f5 25. exf6 Nxf6 26. g4 Bd6 27. f3 Bxh2 28. Qxh2 Ngxh5 29. gxh5 Nxh5 30. Qe5 Rxf3+ 31. Nxf3 Qxf3+ 32.
Kh2 Qf2+ 33. Kh1 Ng3+ 34. Qxg3 Qxg3 35. Rg1 Qh3# 0-1

[Event "*** SCC Grand Prix: Titled Tuesday Blitz"]
[Site "Chess.com"]
[Date "2020.06.02"]
[Round "7"]
[White "Shtembuliak"]
[Black "Virgo15"]
[Result "1-0"]
[WhiteElo "2886"]
[BlackElo "2752"]
[TimeControl "180+1"]
[EndTime "11:20:00 PDT"]
[Termination "Shtembuliak won on time"]

1. c4 e6 2. Nc3 d5 3. d4 c6 4. e4 Bb4 5. Bd3 dxe4 6. Bxe4 Nf6 7. Bc2 c5 8. Ne2 Nc6 9. dxc5 Qxd1+ 10. Bxd1 Bxc5 11.
Ng3 O-O 12. Nge4 Nxe4 13. Nxe4 Be7 14. Be3 b6 15. b3 Bb4+ 16. Bd2 Bb7 17. f3 Rad8 18.
Bxb4 Nxb4 19. Nf2 Rd4 20. a3 Na6 21. Bc2 Rfd8 22. Rd1 Rxd1+ 23. Nxd1 Nc5 24. Ke2 f5 25. Nc3 Kf7 26. b4 Na6 27. Nb5 Bc6 28. Nxa7 Be8 29. Rd1 Ke7 30. Rxd8 Kxd8 31. Bd3 Kc7 32. Nb5+ Bxb5 33.
cxb5 Nb8 34. f4 Nd7 35. Ke3 Nf6 36. Bc4 Kd6 37. Kd4 Nd7 38. a4 e5+ 39. fxe5+ Nxe5 40. a5 bxa5 41. bxa5 Nxc4 42. Kxc4 g5 43. Kd4 h5 44. a6 Kc7 45. Ke5 f4 46. Kf5 h4 47. h3 f3 48.
gxf3 g4 49. Kxg4 Kb6 50. Kxh4 1-0

[Event "*** SCC Grand Prix: Titled Tuesday Blitz"]
[Site "Chess.com"]
[Date "2020.06.02"]
[Round "7"]
[White "temus_galaktionov"]
[Black "TregubovP"]
[Result "1-0"]
[WhiteElo "2731"]
[BlackElo "2564"]
[TimeControl "180+1"]
[EndTime "11:20:00 PDT"]
[Termination "temus_galaktionov won by resignation"]

1. d4 Nf6 2. Nf3 e6 3. c4 Bb4+ 4. Nbd2 O-O 5. a3 Be7 6. e3 d6 7. b4 Nfd7 8. Bb2 a5 9. Bd3 axb4 10. axb4 Rxa1 11. Qxa1 e5 12. O-O exd4 13. exd4 Re8 14. b5 Bf8 15. Qa7 c6 16. Ra1 Qb6 17. Qa8 Qc7 18.
Bc3 cxb5 19. Rc1 b4 20. Bxb4 Na6 21. Ba3 Nb6 22. Qa7 Bg4 23. c5 dxc5 24. Bxa6 Ra8 25. Qxb7 Qxb7 26. Bxb7 Rxa3 27. dxc5 Na8 28. Nc4 Ra7 29. c6 Nc7 30. Nfe5 Be6 31. h3 f6 32. Nd3 Kf7 33. Ne3 Bd6 34. Nc5 Ra2 35. Nxe6 Nxe6 36. Bc8 Nd4 37. Rd1 Be5 38. c7 Kf8 39. Be6 Ne2+ 40.
Kf1 Bxc7 41. Bxa2 1-0

[Event "*** SCC Grand Prix: Titled Tuesday Blitz"]
[Site "Chess.com"]
[Date "2020.06.02"]
[Round "7"]
[White "SHIVACalypso"]
[Black "SoltaniciR"]
[Result "1-0"]
[WhiteElo "2323"]
[BlackElo "2441"]
[TimeControl "180+1"]
[EndTime "11:20:00 PDT"]
[Termination "SHIVACalypso won by resignation"]

1. Nf3 c5 2. c4 Nf6 3. g3 b6 4. Bg2 Bb7 5. O-O e6 6. Nc3 a6 7.
d4 cxd4 8. Qxd4 d6 9. Rd1 Nbd7 10.
b3 Be7 11. Ba3 Nc5 12. b4 Ncd7 13. Rac1 O-O 14. Ng5 Bxg2 15. Kxg2 Qc7 16. Nge4 Rfd8 17. Nxd6 Nc5 18. bxc5 bxc5 19. Qxc5 Qd7 20. Kg1 Ne8 21.
Nce4 f5 22. Qe5 fxe4 23. c5 Bxd6 24. cxd6 Rac8 25. Rxc8 Rxc8 26. Qxe4 Nf6 27. Qe5 Re8 28.
Qa5 Qb7 29. Qc7 Qe4 30. d7 Nxd7 31. Qxd7 Rf8 32. Bxf8 1-0

[Event "*** SCC Grand Prix: Titled Tuesday Blitz"]
[Site "Chess.com"]
[Date "2020.06.02"]
[Round "7"]
[White "konradrutkowski"]
[Black "theredking89"]
[Result "0-1"]
[WhiteElo "2361"]
[BlackElo "2630"]
[TimeControl "180+1"]
[EndTime "11:20:01 PDT"]
[Termination "theredking89 won on time"]

1. e4 c5 2. Nf3 d6 3. d4 cxd4 4. Nxd4 Nf6 5. Nc3 Nc6 6. Bc4 e6 7. Be3 a6 8. Bb3 Qc7 9. Qe2 Na5 10. g4 Nxb3 11. axb3 Be7 12. g5 Nd7 13. Rg1 O-O 14. Rg3 Re8 15. O-O-O b5 16. Qh5 Nf8 17. Kb1 b4 18.
Na4 Bb7 19. f3 Rac8 20. Rd2 d5 21. exd5 Bxd5 22. f4 Be4 23. Ka2 e5 24. fxe5 Qxe5 25. Qg4 Ne6 26. Nxe6 Qxe6 27. Qxe6 fxe6 28. c3 Rcd8 29.
Rxd8 Rxd8 30. cxb4 Bxb4 31. Nc3 Bf5 32. Rf3 Rd3 33. Rg3 Bd6 34. Rf3 Bg4 0-1

[Event "*** SCC Grand Prix: Titled Tuesday Blitz"]
[Site "Chess.com"]
[Date "2020.06.02"]
[Round "7"]
[White "kushagramohan"]
[Black "Zufi1811"]
[Result "1-0"]
[WhiteElo "2639"]
[BlackElo "2456"]
[TimeControl "180+1"]
[EndTime "11:20:01 PDT"]
[Termination "kushagramohan won by resignation"]

1. e4 c5 2. Nf3 d6 3. d4 cxd4 4. Nxd4 Nf6 5. Nc3 a6 6. f3 e5 7. Nb3 Be6 8. Be3 h5 9. Nd5 Bxd5 10. exd5 Nbd7 11. Be2 g6 12. Qd2 a5 13. a4 Bg7 14.
O-O O-O 15. c4 b6 16. Rad1 Nc5 17. Nxc5 bxc5 18. Qc2 Re8 19. Bd3 Rb8 20. Bd2 e4 21.
fxe4 Ng4 22. h3 Rxb2 23. Qc1 Bd4+ 24. Kh1 Qh4 25. Rf3 Nf2+ 26. Kh2 Nxe4 27. Bf4 g5 28.
Bxe4 Rxe4 29. Bg3 Rxg2+ 30. Kxg2 Re2+ 31. Kf1 Qxh3+ 32. Kxe2 Qg2+ 33. Bf2 g4 34. Qg5+ Kf8 35. Qf5 gxf3+ 36. Qxf3 1-0

[Event "*** SCC Grand Prix: Titled Tuesday Blitz"]
[Site "Chess.com"]
[Date "2020.06.02"]
[Round "7"]
[White "BJthechessgod"]
[Black "Dmitry_Konenkin"]
[Result "0-1"]
[WhiteElo "2069"]
[BlackElo "2300"]
[TimeControl "180+1"]
[EndTime "11:20:01 PDT"]
[Termination "Dmitry_Konenkin won on time"]

1. e4 d6 2. d4 Nf6 3. Nc3 e5 4.
Nf3 Nbd7 5. Bc4 Be7 6. O-O O-O 7.
Be3 c6 8. h3 b5 9. Bd3 a6 10.
a4 Bb7 11. axb5 cxb5 12. d5 Qc7 13. Nh4 g6 14. Bh6 Rfc8 15. Qd2 Nxe4 16. Nxe4 Bxh4 17. Bg5 Bxg5 18. Qxg5 Qd8 19. Qh6 Qf8 20. Qh4 f6 21. f4 f5 22. fxe5 dxe5 23. Ng5 Qe7 24. d6 Qg7 25. Ne6 Qf6 26. Qxf6 Nxf6 27. g4 f4 28. g5 Nd7 29. h4 Nc5 30. Nc7 Nxd3 31. Nxa8 Bxa8 0-1

[Event "*** SCC Grand Prix: Titled Tuesday Blitz"]
[Site "Chess.com"]
[Date "2020.06.02"]
[Round "7"]
[White "FairChess_on_YouTube"]
[Black "Vlad_Lukiianchuk"]
[Result "1-0"]
[WhiteElo "3000"]
[BlackElo "2586"]
[TimeControl "180+1"]
[EndTime "11:20:03 PDT"]
[Termination "FairChess_on_YouTube won by checkmate"]

1. e4 e5 2. Nf3 Nc6 3. Bb5 a6 4. Ba4 Nf6 5. O-O Be7 6. Re1 b5 7. Bb3 d6 8. c3 O-O 9. h3 Nb8 10. d4 Nbd7 11. Nbd2 Bb7 12. Bc2 Re8 13. Nf1 Bf8 14. Ng3 g6 15. a4 c5 16. d5 c4 17. Be3 Nc5 18. Nd2 Nfd7 19. Ra3 Nb6 20. Bxc5 dxc5 21. Ngf1 b4 22. Ra1 b3 23. Bb1 a5 24.
Ne3 Ba6 25. Qe2 Bh6 26. Ng4 Bg7 27. Ne3 Bh6 28. Ng4 Bxd2 29. Qxd2 h5 30. Nh2 Qd7 31. Qh6 Nxa4 32. Rxa4 Qxa4 33. f4 exf4 34. Nf3 Qd7 35. e5 f6 36. Bxg6 Re7 37. d6 Re6 38. Bf5 Rae8 39.
Kh2 a4 40. exf6 Qf7 41. Rxe6 Rxe6 42. Bxe6 Qxe6 43. Qg7# 1-0

[Event "*** SCC Grand Prix: Titled Tuesday Blitz"]
[Site "Chess.com"]
[Date "2020.06.02"]
[Round "7"]
[White "francyIM"]
[Black "dalmatinac101"]
[Result "1/2-1/2"]
[WhiteElo "2672"]
[BlackElo "2852"]
[TimeControl "180+1"]
[EndTime "11:20:03 PDT"]
[Termination "Game drawn - insufficient material"]

1. d4 d6 2. Nf3 g6 3. g3 Nf6 4.
Bg2 c6 5. O-O Bg7 6. c4 Bf5 7. Nc3 Ne4 8. Qb3 Nxc3 9. bxc3 Qb6 10. Ba3 O-O 11. c5 dxc5 12. Bxc5 Qxb3 13. axb3 Na6 14. Ba3 Rfe8 15. Nd2 Nc7 16. e4 Bd7 17. Bb2 e5 18. Nc4 exd4 19. cxd4 Nb5 20. Rfd1 Bg4 21.
Rd2 Red8 22. h3 Bd7 23. Kh2 h5 24. f4 f5 25. exf5 Bxf5 26. d5 Bxb2 27. Nxb2 cxd5 28. Rxd5 Nc3 29. Rxd8+ Rxd8 30. Nc4 b5 31. Ne3 Be4 32. Rxa7 Rd3 33. Nf1 Bxg2 34. Kxg2 Ne4 35. b4 Rb3 36. Re7 Rxb4 37. Ne3 Rb2+ 38. Kf3 Nd2+ 39. Ke2 Nc4+ 40. Kd3 Rb3+ 41. Kd4 Nxe3 42. Rxe3 Rxe3 43. Kxe3 Kf7 44. Kd4 Ke6 45. g4 hxg4 46. hxg4 Kd6 47. Kc3 Kd5 48. Kb4 Ke4 49. f5 gxf5 50. gxf5 Kxf5 51. Kxb5 1/2-1/2

[Event "*** SCC Grand Prix: Titled Tuesday Blitz"]
[Site "Chess.com"]
[Date "2020.06.02"]
[Round "7"]
[White "Aguiar94"]
[Black "Rodalquilar"]
[Result "0-1"]
[WhiteElo "2415"]
[BlackElo "2619"]
[TimeControl "180+1"]
[EndTime "11:20:04 PDT"]
[Termination "Rodalquilar won by resignation"]

1. e4 d5 2. exd5 Qxd5 3. Nf3 Bg4 4. Be2 Nc6 5. h3 Bxf3 6. Bxf3 Qe6+ 7. Qe2 Qxe2+ 8.
Bxe2 Nd4 9. Bd3 O-O-O 10. O-O e5 11. Re1 Bd6 12. c3 Nc6 13. Bc4 f6 14. d3 Nge7 15.
Be3 Kb8 16. Be6 Rhf8 17. Nd2 f5 18. Nf3 h6 19. Rad1 g5 20. a3 Rf6 21. Ba2 Ng6 22.
Nxg5 hxg5 23. Bxg5 Rdf8 24. Bxf6 Rxf6 25. g3 a6 26. h4 Nh8 27. Bd5 Ne7 28. Ba2 Nf7 29. Kg2 Nh6 30. f3 Rg6 31. Kf2 e4 32. f4 Ng4+ 33.
Kg2 Nf6 34. dxe4 Nxe4 35. h5 Rxg3+ 36. Kh2 Bxf4 37. Rd8+ Ka7 38. Kh1 Nf2+ 0-1

[Event "*** SCC Grand Prix: Titled Tuesday Blitz"]
[Site "Chess.com"]
[Date "2020.06.02"]
[Round "7"]
[White "kudesnik84"]
[Black "Morshynska"]
[Result "0-1"]
[WhiteElo "2342"]
[BlackElo "2187"]
[TimeControl "180+1"]
[EndTime "11:20:04 PDT"]
[Termination "Morshynska won on time"]

1. e4 Nc6 2. Nf3 d6 3. Bc4 g6 4.
d4 Bg7 5. c3 e6 6. Bg5 Nge7 7.
Qd2 h6 8. Be3 g5 9. h4 g4 10.
Nh2 d5 11. Bd3 e5 12. h5 Be6 13. Na3 Qd7 14. dxe5 Nxe5 15. Bc2 O-O-O 16. O-O-O Qc6 17. f4 dxe4 18. Qe2 Nd3+ 19. Kb1 Bxc3 20. Bxd3 exd3 21. Qf2 Bf6 22. Bd2 b6 23. Nf1 Qd5 24. b3 Qd4 25.
Qxd4 Bxd4 26. Ng3 Bf6 0-1

[Event "*** SCC Grand Prix: Titled Tuesday Blitz"]
[Site "Chess.com"]
[Date "2020.06.02"]
[Round "7"]
[White "reniite"]
[Black "harperchesstt"]
[Result "0-1"]
[WhiteElo "1808"]
[BlackElo "2182"]
[TimeControl "180+1"]
[EndTime "11:20:04 PDT"]
[Termination "harperchesstt won by resignation"]

1. e4 c5 2. Nf3 d6 3. d4 cxd4 4. Nxd4 Nf6 5. Nc3 g6 6. g3 Bg7 7. Bg2 O-O 8. O-O Nfd7 9. b3 Nc6 10. Nde2 Nc5 11. Bb2 Bg4 12. h3 Bd7 13. Rb1 a6 14. a4 Nb4 15. Kh2 Rc8 16. Nd4 Qb6 17. Nce2 e5 18. Nf3 Nxe4 19. Nxe5 dxe5 20. Bxe4 Be6 21. Ba3 Rfd8 22. Qe1 Nxc2 23. Bxc2 Rxc2 24. Bb4 Rxe2 25.
Qxe2 Qxb4 26. Rfd1 Re8 27. Qf3 Bf5 28. Rbc1 Qe7 29.
Qe2 e4 30. Rc4 Qe6 31. Rdc1 Bxh3 32. Rc7 Bg4 33. Qe3 Bf3 34. Kg1 Qh3 35. Qxf3 exf3 0-1

[Event "*** SCC Grand Prix: Titled Tuesday Blitz"]
[Site "Chess.com"]
[Date "2020.06.02"]
[Round "7"]
[White "LedakovAlexandr"]
[Black "crossingthestreet"]
[Result "0-1"]
[WhiteElo "2485"]
[BlackElo "2386"]
[TimeControl "180+1"]
[EndTime "11:20:06 PDT"]
[Termination "crossingthestreet won on time"]

1. d4 Nf6 2. Nf3 d5 3. c4 e6 4. g3 Be7 5. Bg2 O-O 6. O-O dxc4 7. Ne5 Nc6 8. e3 Nxe5 9. dxe5 Nd7 10. f4 Nc5 11. Nd2 Qd3 12. Re1 Rd8 13. Bf1 Qg6 14. Bxc4 b5 15. Bxb5 Bb7 16. Bf1 Ne4 17. Qf3 Rab8 18.
Nxe4 Bxe4 19. Qf2 Bb4 20. a3 Bxe1 21. Qxe1 Qg4 22. Qe2 Bf3 23. Qf2 Rd1 24. h3 Rxf1+ 25. Kxf1 Qxh3+ 26. Ke1 Qh1+ 27. Qf1 Qh5 28. Bd2 Rxb2 29.
Rc1 c6 30. a4 h6 31. a5 Qh2 32.
Qf2 Rxd2 33. Qxh2 Rxh2 0-1

[Event "*** SCC Grand Prix: Titled Tuesday Blitz"]
[Site "Chess.com"]
[Date "2020.06.02"]
[Round "7"]
[White "marszach123"]
[Black "dianamirza"]
[Result "0-1"]
[WhiteElo "2121"]
[BlackElo "2022"]
[TimeControl "180+1"]
[EndTime "11:20:06 PDT"]
[Termination "dianamirza won on time"]

1. e4 e5 2. Nf3 d6 3. d4 exd4 4. Nxd4 Nf6 5. Nc3 g6 6. Be3 Bg7 7. f3 O-O 8. Qd2 d5 9. e5 Nfd7 10. f4 c5 11. Nxd5 cxd4 12. Bxd4 Nc6 13. Bc3 Nb6 14.
Nxb6 Qxb6 15. O-O-O Be6 16. Kb1 Rfd8 17. Bd3 a5 18. Qe2 Nb4 19. Bc4 Bxc4 20. Qxc4 Rac8 21. Qe2 Nd5 22. Bd4 Qc6 23. g3 Nb4 24. Bc3 Qa4 25. a3 Nd5 26. Bd4 Nxf4 27. gxf4 Rxd4 28. Rxd4 Qxd4 29.
f5 Qxe5 30. Qxe5 Bxe5 31. fxg6 hxg6 32. c3 Kg7 33. Kc2 Rh8 34. h3 Rd8 0-1

[Event "*** SCC Grand Prix: Titled Tuesday Blitz"]
[Site "Chess.com"]
[Date "2020.06.02"]
[Round "7"]
[White "chesslh19"]
[Black "joksijoksi"]
[Result "0-1"]
[WhiteElo "2175"]
[BlackElo "2343"]
[TimeControl "180+1"]
[EndTime "11:20:07 PDT"]
[Termination "joksijoksi won by resignation"]

1. e4 e6 2. d4 d5 3. Nd2 Nf6 4. e5 Nfd7 5. Bd3 c5 6. c3 Nc6 7. Ne2 cxd4 8. cxd4 f6 9. exf6 Nxf6 10.
Nf3 Bd6 11. O-O O-O 12. Bf4 Bxf4 13. Nxf4 Ne4 14. Qc1 Ng5 15. Nxg5 Qxg5 16. Ne2 Qf6 17. Qe3 e5 18. dxe5 Nxe5 19. Rad1 Be6 20. Nd4 Bf7 21.
Rfe1 Rfe8 22. Qg3 Nc4 23. b3 Nb2 24. Rxe8+ Rxe8 25. Bb5 Nxd1 26. Bxe8 Qxd4 27. Bxf7+ Kxf7 28. Qc7+ Ke6 29. Qc8+ Kd6 30. Qd8+ Kc6 31. Qe8+ Kb6 32. Qd8+ Ka6 33. Qd6+ b6 34. Qa3+ Kb5 0-1

[Event "*** SCC Grand Prix: Titled Tuesday Blitz"]
[Site "Chess.com"]
[Date "2020.06.02"]
[Round "7"]
[White "Quattroporte300"]
[Black "m-garcett"]
[Result "0-1"]
[WhiteElo "2280"]
[BlackElo "2072"]
[TimeControl "180+1"]
[EndTime "11:20:07 PDT"]
[Termination "m-garcett won on time"]

1. e4 c5 2. Nf3 d6 3. d4 cxd4 4. Nxd4 Nf6 5. Nc3 a6 6. h3 e5 7. Nde2 h5 8. Bg5 Be7 9. Bxf6 Bxf6 10. Nd5 b5 11. a4 Bb7 12. Nec3 b4 13. Nxb4 h4 14.
Bc4 Nd7 15. O-O Nc5 16. Nbd5 Rh6 17. a5 Rg6 18. Qh5 Rh6 19. Qf5 Bc8 20. Qf3 Ne6 21.
Nb6 Nd4 22. Qd3 Rg6 23. Ncd5 Nxc2 24. Qxc2 Bxh3 25. Ne3 Bxg2 26. Kh2 Bxf1 27. Rxf1 Bg5 28. Nf5 Bf4+ 29. Kh1 Qg5 30. f3 Bd2 31. Bb5+ Kf8 0-1

[Event "*** SCC Grand Prix: Titled Tuesday Blitz"]
[Site "Chess.com"]
[Date "2020.06.02"]
[Round "7"]
[White "TheoSlade"]
[Black "ChainsOfFantasia"]
[Result "0-1"]
[WhiteElo "2359"]
[BlackElo "2493"]
[TimeControl "180+1"]
[EndTime "11:20:08 PDT"]
[Termination "ChainsOfFantasia won on time"]

1. d4 Nf6 2. c4 e6 3. g3 d5 4. Bg2 Be7 5. Nf3 O-O 6. O-O dxc4 7. Qc2 a6 8. a4 c5 9. dxc5 Bxc5 10. Rd1 Qe7 11. Nbd2 b5 12. axb5 Bb7 13. Nxc4 axb5 14. Rxa8 Bxa8 15. Nce5 Rc8 16. Qb3 b4 17. Ng5 Bxg2 18.
Kxg2 Nd5 19. Ngxf7 Rf8 20. Bg5 Qb7 21. e4 Rxf7 22.
Nxf7 Qxf7 23. exd5 Qxf2+ 24. Kh1 Qf5 25. Qd3 Qxg5 26. dxe6 Nc6 27. Qf3 Nd8 28. h4 Qe7 29. Rd7 Qe8 30. Qa8 Be7 31. Qa7 Kf8 32. Qf2+ Kg8 33. Qf5 g6 34. Qe5 Qf8 35. Kg2 Nc6 0-1

[Event "*** SCC Grand Prix: Titled Tuesday Blitz"]
[Site "Chess.com"]
[Date "2020.06.02"]
[Round "7"]
[White "ditkin25"]
[Black "barbara25"]
[Result "0-1"]
[WhiteElo "2409"]
[BlackElo "2231"]
[TimeControl "180+1"]
[EndTime "11:20:08 PDT"]
[Termination "barbara25 won by resignation"]

1. e4 c5 2. Nf3 d6 3. d4 cxd4 4. Nxd4 Nf6 5. f3 a6 6. c4 e5 7. Nb3 Be7 8. Be3 Be6 9. Be2 Nbd7 10. O-O O-O 11. Qd2 Rc8 12. Na3 Nh5 13. Rfd1 g6 14.
Bf1 Ng7 15. Rac1 f5 16. Bd3 f4 17. Bf2 Qe8 18. Nb1 g5 19. Nc3 g4 20. Nd5 Bd8 21. c5 Qg6 22. Kh1 g3 23. Bg1 dxc5 24. Nxc5 Nxc5 25. Rxc5 Rxc5 26. Bxc5 Qh5 27. Bg1 Bxd5 28.
exd5 Bb6 29. h3 Bxg1 30. Kxg1 Rd8 31. Qb4 Qf7 32. Bc4 Qd7 33. d6+ Kh8 34. Qb6 Rc8 35. b3 Rc6 36. Qb4 Nf5 37. Be6 Rxd6 38. Rxd6 Qxd6 39.
Qxd6 Nxd6 40. Kf1 Kg7 41. Ke2 Kf6 42. Bd5 b6 43. Kd3 a5 44. a3 h5 45. b4 axb4 46. axb4 h4 47. Bc6 Ke6 48. b5 Nf7 49. Ke4 Ng5+ 50.
Kd3 Kd6 51. Kc4 e4 52. fxe4 Ke5 53. Kd3 f3 54. Ke3 fxg2 0-1

[Event "*** SCC Grand Prix: Titled Tuesday Blitz"]
[Site "Chess.com"]
[Date "2020.06.02"]
[Round "7"]
[White "GMJustin"]
[Black "tamarozi99"]
[Result "1-0"]
[WhiteElo "2282"]
[BlackElo "2033"]
[TimeControl "180+1"]
[EndTime "11:20:08 PDT"]
[Termination "GMJustin won on time"]

1. d4 Nf6 2. c4 g6 3. Nc3 Bg7 4. e4 d6 5. Be2 O-O 6. Bg5 h6 7. Be3 e5 8. d5 c6 9. h4 cxd5 10. cxd5 Qa5 11. Qd2 Qb4 12. f3 Kh7 13. Nb5 Qxd2+ 14.
Kxd2 Ne8 15. Nxa7 Bd7 16. Bb5 f5 17. Ne2 Nc7 18. Bxd7 Nxd7 19. Rhc1 Nc5 20. b4 Rxa7 21.
bxc5 Nb5 22. cxd6 Ra3 23. Bc5 Ra4 24. Rab1 Na3 25. Rxb7 Nc4+ 26. Rxc4 Rxc4 27. Bb4 Rd8 28. d7 fxe4 29. Be7 Rxd7 30. Rxd7 exf3 31. gxf3 1-0

[Event "*** SCC Grand Prix: Titled Tuesday Blitz"]
[Site "Chess.com"]
[Date "2020.06.02"]
[Round "7"]
[White "Olga_Zhuravleva"]
[Black "TigranMukhutdinov"]
[Result "0-1"]
[WhiteElo "2263"]
[BlackElo "2453"]
[TimeControl "180+1"]
[EndTime "11:20:09 PDT"]
[Termination "TigranMukhutdinov won by resignation"]

1. e4 c5 2. Nf3 Nc6 3. Nc3 e5 4. Bc4 Be7 5. O-O d6 6. h3 Nf6 7. d3 O-O 8. a4 a6 9. Nd5 Be6 10. c3 Bxd5 11. Bxd5 Nxd5 12. exd5 Nb8 13. Qe2 f5 14.
Nh2 Nd7 15. f4 Bf6 16. Nf3 Re8 17. fxe5 Nxe5 18. Nxe5 Bxe5 19. Qf2 g6 20. Bf4 Bxf4 21. Qxf4 Re5 22. Rae1 Qe7 23. Rxe5 dxe5 24. Qg3 c4 25. Rxf5 cxd3 26. Rxe5 Qf6 27. Re1 Qb6+ 28. Qf2 d2 29. Rd1 Qxb2 30. Qxd2 Qxd2 31. Rxd2 b5 32. axb5 axb5 33.
Kf2 Kf7 34. Ke3 Rc8 35. Kd4 Rc4+ 36. Kd3 Ke7 37. Rb2 Rc5 38. Kd4 Kd6 39. Ra2 Rxd5+ 40. Ke3 Kc5 41. Ra7 Kc4 42. Rc7+ Kb3 43. Ke4 Rh5 44.
Kd4 Rh4+ 45. Kd3 Rc4 46. Rxc4 bxc4+ 47. Kd4 g5 48. g3 h5 49. h4 g4 50. Ke4 Kxc3 51.
Kf4 Kd3 52. Kg5 c3 53. Kxh5 c2 54. Kxg4 c1=Q 55. Kf5 Qh6 56. g4 Qxh4 57. g5 Kd4 0-1

[Event "*** SCC Grand Prix: Titled Tuesday Blitz"]
[Site "Chess.com"]
[Date "2020.06.02"]
[Round "7"]
[White "Kolle05"]
[Black "H16"]
[Result "0-1"]
[WhiteElo "2376"]
[BlackElo "2522"]
[TimeControl "180+1"]
[EndTime "11:20:10 PDT"]
[Termination "H16 won on time"]

1. e4 c5 2. Nf3 d6 3. Bb5+ Nd7 4. O-O a6 5. Bd3 Ngf6 6. Re1 e6 7. c3 b5 8. Bc2 c4 9. a4 Bb7 10. d4 cxd3 11.
Qxd3 Nc5 12. Qe2 Nxa4 13. e5 dxe5 14. Rxa4 bxa4 15. Bxa4+ Ke7 16. Nxe5 Qd5 17. f3 Rd8 18. b3 Ne8 19. Ba3+ Kf6 20. Ng4+ Kg6 21. Qc2+ f5 22. Ne5+ Kf6 23. Bb2 Bc5+ 24. Kh1 Ke7 25. c4 Qd6 26. Qc1 Rf8 27. Qg5+ Rf6 28. h4 h6 29. Ng6+ Kf7 30. Nh8+ Kg8 31. Qc1 Qg3 32. Bxf6 Nxf6 0-1

[Event "*** SCC Grand Prix: Titled Tuesday Blitz"]
[Site "Chess.com"]
[Date "2020.06.02"]
[Round "7"]
[White "Illingworth"]
[Black "gmcorrales"]
[Result "0-1"]
[WhiteElo "2891"]
[BlackElo "2780"]
[TimeControl "180+1"]
[EndTime "11:20:11 PDT"]
[Termination "gmcorrales won by resignation"]

1. d4 Nf6 2. Nf3 g6 3. g3 Bg7 4. Bg2 O-O 5. O-O d5 6. c4 Nc6 7.
Nbd2 Re8 8. cxd5 Nxd5 9. e4 Nb6 10. d5 Nb8 11. Nb3 c6 12. Nh4 cxd5 13. exd5 N8d7 14. d6 Ne5 15. dxe7 Qxe7 16. Be3 Bg4 17. Qb1 Nec4 18. Bc5 Qd7 19. Qc2 Re2 20. Qd1 Rd2 21. Qb1 Rxb2 22. Qc1 Be2 23. Re1 Re8 24. Nf3 Na4 25. Bd4 Bxf3 26.
Rxe8+ Qxe8 27. Bxf3 Bxd4 28. Nxd4 b5 29. Bc6 Qe5 30. Nf3 Qc5 31. Qe1 Qxc6 32. Ng5 h6 33.
Ne4 Nc5 34. Nc3 Nd3 35. Qf1 Rxf2 0-1

[Event "*** SCC Grand Prix: Titled Tuesday Blitz"]
[Site "Chess.com"]
[Date "2020.06.02"]
[Round "7"]
[White "VladimirBelous"]
[Black "rpragchess"]
[Result "1-0"]
[WhiteElo "2755"]
[BlackElo "2862"]
[TimeControl "180+1"]
[EndTime "11:20:11 PDT"]
[Termination "VladimirBelous won by checkmate"]

1. c4 b6 2. e4 Bb7 3. Nc3 e5 4. Nf3 Nc6 5. Be2 Bc5 6. Nxe5 Nxe5 7. d4 Nf6 8. dxc5 bxc5 9. f4 Nxe4 10. Nxe4 Bxe4 11. fxe5 Bxg2 12. Rg1 Qh4+ 13. Kd2 Qd4+ 14. Kc2 Be4+ 15. Kb3 Rb8+ 16. Ka3 Qxe5 17. Rg5 f5 18.
Bd3 Qd6 19. Bc2 Qa6+ 20. Ba4 O-O 21. Bd2 d5 22. cxd5 c4 23. b4 Qd6 24. Bc3 Rf7 25.
Qd4 Qe7 26. Rag1 Kf8 27. Rxg7 Rxg7 28. Rxg7 c5 29. bxc5 Qh4 30. Rg8+ Kf7 31. Qg7# 1-0

[Event "*** SCC Grand Prix: Titled Tuesday Blitz"]
[Site "Chess.com"]
[Date "2020.06.02"]
[Round "7"]
[White "fischercapa"]
[Black "Jojo_1608"]
[Result "0-1"]
[WhiteElo "2350"]
[BlackElo "2184"]
[TimeControl "180+1"]
[EndTime "11:20:11 PDT"]
[Termination "Jojo_1608 won on time"]

1. e4 c5 2. Nf3 d6 3. d4 cxd4 4. Nxd4 Nf6 5. Nc3 a6 6. Bg5 Nbd7 7.
Qd2 Qc7 8. f3 b5 9. O-O-O Bb7 10. Nf5 g6 11. Ne3 Rc8 12. Kb1 Bg7 13. h4 b4 14.
Ncd5 Nxd5 15. Nxd5 Bxd5 16. exd5 Nc5 17. Bc4 h6 18. Be3 Na4 19. Bd4 Bxd4 20. Qxd4 O-O 21. Bb3 Nc5 22. h5 g5 23. f4 f6 24. Rhe1 a5 25.
Bc4 Na4 26. Bb3 Nb6 27. fxg5 hxg5 28. Qe4 Rf7 0-1

[Event "*** SCC Grand Prix: Titled Tuesday Blitz"]
[Site "Chess.com"]
[Date "2020.06.02"]
[Round "7"]
[White "timedothwasteme"]
[Black "Fortitudine"]
[Result "1-0"]
[WhiteElo "2156"]
[BlackElo "2272"]
[TimeControl "180+1"]
[EndTime "11:20:11 PDT"]
[Termination "timedothwasteme won by resignation"]

1. e4 c5 2. b3 Nc6 3. Bb2 e5 4. Bb5 Nd4 5. Bc4 d6 6. Ne2 Be7 7. Nbc3 Nf6 8. d3 O-O 9. O-O Be6 10. Bxe6 fxe6 11. Nxd4 cxd4 12. Ne2 Rc8 13. c3 dxc3 14. Bxc3 Nh5 15. d4 Bf6 16. d5 Qe7 17. Rc1 Nf4 18.
Nxf4 exf4 19. Bxf6 Qxf6 20. Rc4 e5 21. f3 b6 22. Rc6 Rxc6 23. dxc6 Qe6 24. Qd5 Qxd5 25. exd5 Rc8 26. Rc1 Rc7 27. Kf2 Kf7 28. Ke2 Kf6 29.
Kd3 Kf5 30. b4 g5 31. a4 h5 32. h3 g4 33. hxg4+ hxg4 34. Rh1 gxf3 35. gxf3 Rg7 36. Rh6 Rg1 37. Rxd6 Rd1+ 38. Ke2 Rb1 39. c7 Rc1 40. Rc6 1-0

[Event "*** SCC Grand Prix: Titled Tuesday Blitz"]
[Site "Chess.com"]
[Date "2020.06.02"]
[Round "7"]
[White "Arjun2002"]
[Black "baki83"]
[Result "1-0"]
[WhiteElo "2659"]
[BlackElo "2819"]
[TimeControl "180+1"]
[EndTime "11:20:12 PDT"]
[Termination "Arjun2002 won by resignation"]

1. e4 e5 2. Nf3 Nc6 3. Bc4 Bc5 4. c3 Nf6 5. d3 d6 6. O-O a6 7. a4 O-O 8. Re1 Ba7 9. h3 h6 10. Nbd2 Be6 11. Bxe6 fxe6 12. b4 Ne7 13. Ra2 Ng6 14. Nf1 Qe8 15. Be3 Nh5 16. g3 Bb8 17. d4 Nf6 18. Bc1 Ba7 19. Kg2 Qc6 20. Qd3 Qe8 21.
dxe5 dxe5 22. Be3 Rd8 23. Qc4 Bb8 24. b5 a5 25. N1h2 Kh7 26. Ng4 c6 27. bxc6 bxc6 28. Rb2 Nh5 29. Rb7 Rf7 30. Reb1 Bc7 31. Ra7 Qf8 32.
Ngh2 Qe8 33. Ng4 Bd6 34. Rbb7 Rdd7 35. Qxc6 Rxb7 36. Qxe8 Rxa7 37. Bxa7 Rxa7 38. Qc6 Bf8 39. c4 Rf7 40. Nfxe5 Nxe5 41. Nxe5 Re7 42. c5 Nf6 43. Qa8 1-0